AoeStats
← 76561199137489861

Arena

510200268Analyzed
2v2 RM · 1d ago on Sep 29, 2026· 82m 26s· 4 players
Game mode
Random Map
Map size
Medium (4 player)
Population
200
Speed
Normal
Resources
Standard
Victory
Conquest
Starting age
Dark Age
Ending age
Imperial Age
RankedLock teamsTeams togetherTeam positionsShared explorationLock speedFull tech treeHidden civsTurbo modeCheats
Victory
Defeat
🇷🇺 Hindustanis · Russia
860
+15
🇹🇷 Persians · Türkiye
806
+18
🇬🇧 Malay · United Kingdom
852
-17
🇧🇷 Georgians · Brazil
838
-16
Dad16456
9:28 Feudal Age
10:13 Wheelbarrow
10:46 Double-Bit Axe
17:46 Castle Age
17:39 Hand Cart
18:52 Bow Saw
22:53 Horse Collar
25:18 Forging
26:43 Iron Casting
29:33 Imperial Age
27:25 Loom
27:26 Town Watch
29:23 Scale Barding Armor
29:10 Fletching
30:17 Conscription
30:16 Squires
31:14 Heavy Plow
32:21 Elite Karambit Warrior
32:37 Capped Ram
33:38 Husbandry
38:04 Arson
39:38 Blast Furnace
40:58 Elite Battle Elephant
46:44 Forced Levy
52:59 Man-at-Arms
54:28 Long Swordsman
58:48 Two-Handed Swordsman
RHMM16
11:35 Feudal Age
15:52 Castle Age
19:43 Horse Collar
20:48 Double-Bit Axe
20:57 Stone Mining
23:30 Gold Mining
24:39 Bloodlines
25:13 Husbandry
27:48 Wheelbarrow
31:07 Imperial Age
29:45 Scale Barding Armor
30:05 Heavy Plow
30:54 Forging
32:23 Conscription
32:57 Pikeman
37:40 Squires
37:51 Halberdier
41:15 Arson
43:50 Scale Mail Armor
49:36 Hand Cart
53:27 Bow Saw
57:47 Fortified Wall
METtofen
0:29 Loom
12:34 Feudal Age
13:40 Double-Bit Axe
13:42 Horse Collar
19:04 Stone Mining
24:25 Castle Age
23:44 Gold Mining
25:19 Wheelbarrow
25:47 Bow Saw
26:38 Gold Shaft Mining
30:13 Parthian Tactics
31:17 Heavy Plow
36:04 Imperial Age
35:56 Hand Cart
37:35 Chemistry
38:42 Crop Rotation
40:09 Two-Man Saw
65:30 Heavy Scorpion
76561199137489861
11:11 Feudal Age
16:39 Castle Age
14:24 Loom
15:11 Double-Bit Axe
15:09 Horse Collar
19:24 Wheelbarrow
21:41 Hand Cart
22:20 Scale Barding Armor
22:23 Padded Archer Armor
23:57 Bow Saw
23:41 Gold Mining
23:57 Heavy Plow
28:28 Bloodlines
33:11 Imperial Age
31:35 Forging
33:15 Heavy Camel Rider
35:00 Chemistry
34:56 Chain Barding Armor
36:46 Gold Shaft Mining
37:55 Plate Barding Armor
39:03 Two-Man Saw
40:48 Imperial Camel Rider
44:39 Leather Archer Armor
47:03 Light Cavalry
51:02 Pikeman
52:40 Scale Mail Armor
53:15 Iron Casting
54:13 Shatagni
54:47 Caravan
62:22 Hussar
65:37 Squires
65:04 Elite Skirmisher
70:51 Husbandry
80:50 Siege Engineers
Connection lost

Rejoining the realm…

Still unreachable

The connection could not be restored.

Session expired

The server has moved on; the page needs a fresh start.